Map: Ever Dream LE

Players

Serral

  • Race: Zerg Zerg
  • League: Master
  • Spawn Location: 1:00

GOStephano (Stephano) - Winner!

  • Race: Zerg Zerg
  • League: Grandmaster
  • Spawn Location: 7:00

Event: DreamHack SC2 Masters 2020 Summer Europe

VOD

Have the link to the VOD?

Description

Time

  • Played on: July 5, 2020, 10:15 a.m.
  • Length: 11:44

All games in this series

Show
View Real Time Build Order
Export as new Build Order

Serral Zerg 

Build Orders: Hatch First 

Get SALT Encoding   

  12  0:00  Drone  
  13  0:12  Overlord  
  13  0:17  Drone  
  14  0:31  Drone x2  
  16  0:48  Hatchery  
  15  0:51  Drone  
  15  0:55  Drone  
  17  0:58  Drone  
  18  1:09  Extractor  
  17  1:13  Spawning Pool  
  17  1:16  Drone  
  17  1:19  Drone  
  18  1:27  Drone  
  19  1:38  Drone  
  20  1:49  Drone  
  21  1:59  Overlord  
  21  2:00  Zergling x2, Queen x2  
  26  2:08  Metabolic Boost  
  26  2:10  Drone  
  26  2:11  Drone  
  28  2:21  Drone x2  
  30  2:32  Hatchery  
  30  2:35  Zergling x2  
  30  2:37  Zergling x2  
  31  2:48  Zergling x2  
  31  2:50  Drone, Baneling Nest  
  32  2:54  Overlord  
  32  2:55  Drone  
  33  3:06  Drone x2  
  33  3:08  Drone  
  36  3:14  Zergling x10  
  36  3:19  Overlord  
  41  3:24  Evolution Chamber  
  41  3:25  Zergling x2  
  41  3:29  Drone  
  42  3:34  Drone  
  42  3:38  Baneling x2  
  42  3:39  Drone x2  
  42  3:40  Drone x2  
  47  3:46  Zergling x2  
  47  3:48  Drone  
  48  3:49  Baneling  
  48  3:51  Drone x2  
  48  3:54  Drone x2  
  52  3:58  Zerg Missile Weapons Level 1  
  51  4:03  Roach Warren  
  51  4:07  Extractor  
  49  4:10  Queen  
  49  4:12  Drone  
  49  4:13  Drone  
  55  4:17  Drone x2  
  55  4:19  Drone  
  55  4:22  Overlord  
  56  4:27  Overlord  
  56  4:32  Drone  
  56  4:37  Drone  
  58  4:44  Roach x2  
  58  4:45  Roach  
  65  4:52  Roach  
  65  4:53  Roach x2  
  65  4:57  Drone x6  
  65  4:58  Lair, Extractor  
  65  4:59  Overlord  
  72  5:00  Drone  
  72  5:05  Overlord  
  72  5:07  Extractor  
  71  5:10  Overlord  
  71  5:14  Drone x3  
  73  5:19  Overlord  
  73  5:20  Drone x3  
  77  5:22  Drone  
  77  5:23  Drone  
  77  5:27  Overlord  
  79  5:28  Pneumatized Carapace  
  79  5:29  Extractor  
  79  5:30  Drone  
  79  5:32  Extractor  
  79  5:34  Roach x2  
  82  5:36  Drone  
  82  5:38  Drone x2  
  82  5:42  Overlord  
  85  5:44  Drone x2  
  85  5:46  Drone  
  88  5:52  Overlord  
  88  5:53  Drone  
  88  5:55  Drone x3  
  88  5:56  Zerg Missile Weapons Level 2  
  91  5:58  Overseer  
  91  5:59  Overlord  
  91  6:01  Drone  
  92  6:06  Glial Reconstitution  
  92  6:09  Overlord  
  92  6:11  Roach x2  
  92  6:12  Roach  
  98  6:21  Drone  
  99  6:27  Evolution Chamber, Roach x3  
  99  6:29  Hatchery  
  99  6:32  Overlord  
  105  6:33  Roach  
  105  6:34  Roach x4  
  105  6:37  Spine Crawler  
  105  6:38  Roach x2  
  118  6:43  Roach x3  
  118  6:44  Evolution Chamber  
  118  6:46  Ravager  
  128  6:47  Ravager x3  
  128  6:49  Roach x2  
  128  6:52  Overlord  
  132  6:56  Roach x3  
  132  6:59  Overlord  
  138  7:07  Roach x4, Spine Crawler  
  145  7:10  Ravager x2  
  145  7:12  Roach  
  145  7:13  Roach x2  
  153  7:21  Roach x5  
  145  7:25  Roach  
  145  7:26  Roach x2  
  125  7:32  Roach  
  125  7:35  Roach x3  
  116  7:38  Roach  
  116  7:40  Roach  
  116  7:42  Roach  
  99  7:45  Roach  
  99  7:47  Roach  
  99  7:48  Roach  
  99  7:49  Roach  
  99  7:53  Roach  
  99  7:54  Roach  
  99  7:58  Roach x2  
  99  8:04  Roach  
  101  8:08  Ravager  
  101  8:09  Ravager  
  101  8:11  Roach x3  
  109  8:14  Queen  
  109  8:18  Ravager  
  112  8:21  Roach  
  112  8:22  Roach  
  116  8:28  Roach  
  116  8:29  Queen  
  116  8:31  Ravager  
  116  8:33  Roach x2  
  125  8:39  Roach  
  127  8:44  Roach x4  
  135  8:51  Roach x3  
  135  8:55  Overlord  
  141  8:56  Overlord  
  141  9:01  Zerg Ground Armor Level 1  
  141  9:04  Ravager x2  
  141  9:09  Overseer  
  143  9:11  Roach x2  
  143  9:15  Overlord  
  147  9:19  Roach x3  
  153  9:30  Overseer  
  153  9:35  Hatchery, Roach x2  
  156  9:40  Hydralisk Den  
  156  9:43  Roach x2  
  159  9:47  Roach  
  159  9:48  Roach  
  163  9:55  Overseer  
  163  9:59  Roach x4  
  171  10:01  Ravager x3  
  171  10:02  Ravager  
  176  10:13  Roach x5  
  186  10:17  Overlord  
  185  10:23  Roach  
  185  10:24  Overlord x2  
  175  10:33  Roach x6  
  166  10:41  Roach x4  
  166  10:44  Ravager  
  166  10:48  Roach x2  
  161  10:59  Roach x5  
  161  11:03  Ravager x2  
  167  11:08  Roach x3  
  165  11:11  Overseer  
  165  11:16  Roach  
  165  11:17  Roach x2  
  169  11:19  Roach  
  169  11:24  Roach  
Show
View Real Time Build Order
Export as new Build Order

GOStephano Zerg - Winner!

Build Orders: Hatch First 

Get SALT Encoding   

  12  0:00  Drone  
  13  0:12  Overlord  
  13  0:16  Drone  
  14  0:30  Drone x2  
  16  0:47  Hatchery  
  15  0:50  Drone  
  15  0:54  Drone  
  17  0:57  Drone  
  18  1:08  Extractor  
  17  1:13  Spawning Pool  
  17  1:15  Drone  
  17  1:19  Drone  
  18  1:27  Drone  
  19  1:38  Drone  
  20  1:49  Drone  
  21  1:59  Queen x2  
  21  2:00  Zergling x4  
  27  2:11  Drone  
  27  2:12  Overlord, Metabolic Boost  
  28  2:27  Hatchery  
  27  2:31  Drone  
  27  2:33  Drone  
  29  2:39  Queen  
  29  2:42  Drone  
  32  2:45  Drone  
  33  2:51  Overlord  
  33  2:58  Drone  
  33  2:59  Drone  
  33  3:02  Drone  
  35  3:12  Zergling x14  
  42  3:14  Zergling x2  
  43  3:22  Overlord  
  43  3:30  Roach Warren  
  42  3:38  Zergling x4  
  42  3:39  Zergling x4  
  46  3:48  Drone x3  
  49  3:55  Drone x2  
  51  3:56  Overlord  
  51  3:58  Drone x3  
  51  3:59  Drone  
  55  4:03  Drone x2  
  57  4:12  Overlord  
  57  4:18  Overlord  
  57  4:19  Overlord  
  57  4:24  Lair, Extractor x2  
  56  4:25  Evolution Chamber, Drone x2  
  56  4:29  Drone x2  
  58  4:35  Evolution Chamber  
  58  4:37  Drone x3  
  60  4:45  Drone x2  
  62  4:48  Drone x4  
  62  4:51  Drone x3  
  66  4:53  Drone  
  66  4:56  Zerg Missile Weapons Level 1  
  66  4:58  Drone  
  68  5:08  Drone x2  
  68  5:09  Drone x2  
  68  5:10  Drone x4  
  75  5:14  Drone  
  76  5:22  Overlord, Extractor x2  
  76  5:25  Glial Reconstitution  
  74  5:32  Overlord x2  
  74  5:36  Roach x7  
  74  5:42  Zerg Ground Armor Level 1  
  88  5:43  Roach  
  88  5:44  Roach x2  
  88  5:48  Roach  
  96  5:50  Roach  
  96  5:56  Roach  
  96  5:57  Roach x3  
  106  6:03  Roach x3  
  112  6:09  Roach, Baneling Nest  
  112  6:11  Overlord x2  
  113  6:20  Overlord  
  113  6:26  Overlord  
  113  6:33  Roach x8  
  129  6:41  Roach x4  
  129  6:45  Overlord  
  129  6:47  Roach x3  
  143  6:53  Baneling  
  143  6:54  Baneling x10  
  143  6:58  Baneling x2  
  143  6:59  Zergling x6  
  146  7:01  Baneling  
  146  7:02  Baneling  
  146  7:03  Zergling x2  
  146  7:04  Zergling x12  
  153  7:10  Baneling  
  153  7:11  Baneling x2  
  153  7:12  Zergling x2  
  143  7:28  Roach x8  
  146  7:36  Roach x5  
  125  7:45  Roach x4  
  106  7:59  Roach x4  
  106  8:02  Roach x2  
  106  8:04  Hatchery, Drone x3  
  106  8:05  Extractor  
  117  8:09  Drone x3  
  120  8:12  Zerg Missile Weapons Level 2  
  120  8:15  Roach x4  
  128  8:20  Tunneling Claws  
  128  8:24  Burrow  
  128  8:29  Roach  
  128  8:30  Roach x2  
  134  8:34  Pneumatized Carapace  
  134  8:40  Roach x3  
  140  8:42  Overlord  
  140  8:47  Roach x5  
  140  8:48  Unknown  
  149  8:52  Roach x2  
  153  8:56  Ravager, Overlord x2  
  154  9:07  Roach x4  
  162  9:12  Overlord x2  
  162  9:14  Overlord  
  162  9:20  Ravager x4  
  162  9:21  Roach x2  
  170  9:24  Roach x3  
  170  9:30  Overlord x2  
  176  9:42  Roach x7  
  176  9:44  Ravager x3  
  193  9:48  Roach  
  193  9:49  Roach  
  193  9:52  Overseer  
  197  9:56  Ravager x2  
  197  9:59  Roach  
  199  10:00  Roach x2  
  199  10:01  Roach x3  
  199  10:24  Roach x3  
  191  10:32  Roach x2  
  191  10:33  Roach x6  
  191  10:37  Roach x4  
  189  10:43  Roach x5  
  189  10:48  Roach x5  
  199  10:55  Roach x4  
  199  11:01  Roach x2  
  199  11:07  Roach x2  
  199  11:10  Roach x3  
  199  11:11  Roach  
  193  11:12  Roach x3  
  197  11:19  Roach x4  
  197  11:23  Roach  
  197  11:24  Roach x2  
  197  11:25  Roach x5  
  184  11:43  Ravager x2  
Tags
 
Add a new tag
Caveats
  • Supply blocks, unpowered buildings, or Contaminate may cause inaccurate times.
  • Supply counts are checked every 10 seconds.